 Dungeon Crawl Stone Soup version 0.29-a0-200-gc7997b95f3 (webtiles) character file.

Game seed: 9848015333398452510

4 GabrielManson the Grave Robber (level 1, 0/13 HPs)
             Began as a Mummy Necromancer on Feb 23, 2022.
             Slain by a quokka (4 damage)
             ... on level 1 of the Dungeon.
             The game lasted 00:03:39 (87 turns).

GabrielManson the Grave Robber (Mummy Necromancer)    Turns: 87, Time: 00:03:39

Health: 0/13       AC:  2    Str: 11    XL:     1   Next: 50%
Magic:  4/4        EV: 12    Int: 14    God:
Gold:   0          SH:  0    Dex: 12    Spells: 3/5 levels left

rFire   x . .      SeeInvis .   (no weapon)
rCold   + . .      Faith    .   (no shield)
rNeg    + + +      Spirit   .   a - +0 robe
rPois   ∞          Reflect  .   (no helmet)
rElec   .          Harm     .   (no cloak)
rCorr   .          Rampage  .   (no gloves)
Will    .....                   (no boots)
Stlth   ++........              (no amulet)
HPRegen 0.04/turn               (no ring)
MPRegen 0.09/turn               (no ring)

@: no status effects
A: cold resistance 1, negative energy resistance 3, torment resistance 2, heat
vulnerability 1, no potions
a: no special abilities


You were on level 1 of the Dungeon.
You visited 1 branch of the dungeon, and saw 1 of its levels.

Inventory:

Armour
 a - a +0 robe (worn)


   Skills:
 + Level 1.6 Dodging
 - Level 1.5 Stealth
 + Level 0.2 Unarmed Combat
 + Level 2.8 Spellcasting
 + Level 4.0 Necromancy


You had 3 spell levels left.
You knew the following spells:

 Your Spells              Type           Power      Damage    Failure   Level
a - Pain                  Necr           52%        1d6       4%          1
b - Animate Skeleton      Necr           26%        N/A       4%          1

Your spell library contained the following spells:

 Spells                   Type           Power      Damage    Failure   Level
 Vampiric Draining        Necr           13%        2d6       12%         3
 Animate Dead             Necr           6%         N/A       38%         4
 Agony                    Necr           13%        N/A       75%         5


Dungeon Overview and Level Annotations

Branches:
Dungeon (1/15)

Altars:


Innate Abilities, Weirdness & Mutations

You are immune to poison.
Your flesh is cold resistant. (rC+)
You are immune to negative energy. (rN+++)
You are immune to unholy pain and torment.
You are vulnerable to heat. (rF-)
You do not drink.


Message History

You don't know that spell.
Casting: Pain (safe; 4% risk of failure)
Confirm with . or Enter, or press ? or * to list all spells.
You don't know that spell.
Casting: Pain (safe; 4% risk of failure)
Confirm with . or Enter, or press ? or * to list all spells.
There is nothing nearby to animate!
Found a fizzy sapphire potion.
Found a stone staircase leading down.
A hobgoblin comes into view.
You start resting.
Magic restored.
Found a stone staircase leading down.
The hobgoblin shouts!
You hear a shout!
A quokka comes into view.
You see here a fizzy sapphire potion.
A hobgoblin comes into view.
The hobgoblin shouts!
You hear an angry hiss.
A frilled lizard comes into view.
You see here a fizzy sapphire potion.
Found a scroll labelled OBONTITTUTZ.
You closely miss the quokka. The quokka bites you.
You miss the quokka.
The quokka bites you but does no damage.
You see here a scroll labelled OBONTITTUTZ.
A rat comes into view.
The quokka bites you. x2
* * * LOW HITPOINT WARNING * * *
Found 9 gold pieces.
The rat closely misses you.
Found a golden potion.
The quokka closely misses you. The quokka closely misses you.
Found a scroll labelled BIMMA FICUN.
The frilled lizard unfolds its giant frill.
The quokka closely misses you.
A frilled lizard comes into view.
You see here a scroll labelled BIMMA FICUN.
The frilled lizard hisses angrily.
The quokka bites you.
You die...

#.#.#.# ♣.....♣
##...#.## ♣.....♣
#.##!l.##..# ♣♣.....♣
#.........# ♣♣....♣
#.........# ♣....♣
#.........### ♣.....
#.........g.# ♣♣....♣
###########?########.
#.r@..l....
###########


You could see a quokka, a hobgoblin and 2 frilled lizards.

Vanquished Creatures
  A dart slug (D:1)
  A bat (D:1)
2 creatures vanquished.

Notes
Turn   | Place    | Note
-------+----------+-------------------------------------------
     0 | D:1      | GabrielManson the Mummy Necromancer began the quest for the
                  | Orb.
     0 | D:1      | Reached XP level 1. HP: 13/13 MP: 4/4
    31 | D:1      | Learned a level 1 spell: Animate Skeleton
    87 | D:1      | Slain by a quokka

Illustrated notes

Levels and vault maps discovered:
D:1:      roderic_dead_forest, layout_rooms

Action                   || total
-------------------------++-------
Melee: Unarmed           ||     9
 Cast: Pain              ||     3
Armor: Robe              ||     3
Dodge: Dodged            ||     8

Table legend: (Time is in decaauts)
 A = Elapsed time spent in this place.
 B = Non-inter-level travel time spent in this place.
 C = Inter-level travel time spent in this place.
 D = Time resting spent in this place.
 E = Time spent auto-exploring this place.
 F = Levels seen in this place.
 G = Mean time per level.
                   A        B        C        D        E       F      G
               +--------+--------+--------+--------+--------+-----+--------+
         Total |     87 |     87 |      0 |     16 |      0 |   1 |   87.0 |
       Dungeon |     87 |     87 |      0 |     16 |      0 |   1 |   87.0 |
               +--------+--------+--------+--------+--------+-----+--------+

Top non-repeatable levels by time:
     D:1: 87 daAuts
